 Dungeon Crawl Stone Soup version 0.19-a0-1107-gc676ff4 (webtiles) character file.

36 4thArraOfDagon the Vexing (level 3, 0/33 HPs)
             Began as a Troll Arcane Marksman on Aug 9, 2016.
             Killed from afar by Natasha (5 damage)
             ... with a magic dart
             ... on level 3 of the Dungeon.
             The game lasted 00:01:36 (314 turns).

4thArraOfDagon the Vexing (Troll Arcane Marksman)    Turns: 314, Time: 00:01:36

Health: 0/33       AC:  5    Str: 19    XL:     3   Next: 19%
Magic:  3/3        EV: 10    Int: 10    God:
Gold:   54         SH:  0    Dex:  9    Spells: 1 memorised, 3 levels left

rFire  . . .     SeeInvis .     (no weapon)
rCold  . . .     Gourm    +     a - +0 robe
rNeg   . . .     Faith    .     (no shield)
rPois  .         Spirit   .     (helmet restricted)
rElec  .         Dismiss  .     (no cloak)
rCorr  .         Reflect  .     (gloves unavailable)
SustAt .         Harm     .     (boots unavailable)
MR     .....                    (no amulet)
Stlth  +.........               (no ring)
                                (no ring)

@: lethally poisoned (0 -> 0)
A: unfitting armour, claws 3, fast metabolism 3, gourmand, regeneration 2,
shaggy fur 1, tough skin 2
a: no special abilities


You were on level 3 of the Dungeon.
You were very full.

You visited 1 branch of the dungeon, and saw 3 of its levels.

You collected 54 gold pieces.

Inventory:

Missiles
 c - 4 large rocks (quivered)
 d - 2 throwing nets
Armour
 a - a +0 robe (worn)
Scrolls
 g - a scroll of magic mapping {unknown}
 h - a scroll of blinking {unknown}
 j - a scroll of enchant weapon {unknown}
 k - a scroll of identify {unknown}
Potions
 e - 3 potions of curing {unknown}
 i - a potion of degeneration {unknown}
Books
 b - a book of Debilitation

   Spells                             Type                      Level
   a - Corona                         Hexes                        1
   b - Slow                           Hexes                        2
   c - Gell's Gravitas                Hexes/Translocation          3
   d - Inner Flame                    Hexes/Fire                   3
   e - Cause Fear                     Hexes                        4
   f - Leda's Liquefaction            Hexes/Earth                  4
Comestibles
 f - 4 bread rations


   Skills:
 + Level 1.1 Fighting
 + Level 2.1 Throwing
 + Level 1.7 Dodging
 + Level 0.2 Unarmed Combat
 + Level 1.0 Spellcasting
 + Level 2.5 Hexes


You had 3 spell levels left.
You knew the following spells:

 Your Spells              Type           Power        Failure   Level  Hunger
a - Corona                Hex            #......      14%         1    ##.....


Dungeon Overview and Level Annotations

Branches:
Dungeon (3/15)

Altars:

Annotations:
D:3 Natasha


Innate Abilities, Weirdness & Mutations

You are too large for most types of armour.
You have claws for hands.
Your metabolism is lightning-fast.
You like to eat raw meat.
You heal very quickly.
You are covered in fur. (AC +1)
You have very tough skin. (AC +2)


Message History

You closely miss Natasha.
Natasha is severely wounded.
The crimson imp hits you but does no damage.
Natasha barely misses you.
You barely miss Natasha. You claw Natasha, but do no damage.
Natasha is severely wounded.
You feel sick. The crimson imp hits you. Natasha claws you but does no damage.
Unknown command.
You barely miss Natasha.
Natasha is severely wounded.
The crimson imp hits you. Natasha claws you!
* * * LOW HITPOINT WARNING * * *
Unknown command.
Unknown command.
You scratch Natasha but do no damage.
Natasha is severely wounded.
The crimson imp hits you but does no damage.
Natasha stares at you and mumbles some strange words.
The magic dart hits you!
You die...

######## #......#
####.#########.#
#...5..5........
##.#.##@#.#.#####.
.....##h#.#.#
#..h.....#.#
#...##.###.# ##..
#.###.# #.# #..
#.....# #.# #..
####..# #.#
#..#####..# #.#
#####.........#


You could see Natasha, a crimson imp and a shadow imp.

Vanquished Creatures
  3 adders
  An orc (D:3)
  2 goblins
  2 hobgoblins (D:2)
  A quokka (D:2)
9 creatures vanquished.

Notes
Turn   | Place    | Note
-------+----------+-------------------------------------------
     0 | D:1      | 4thArraOfDagon the Troll Arcane Marksman began the quest for the Orb.
     0 | D:1      | Reached XP level 1. HP: 18/18 MP: 1/1
    77 | D:2      | Reached XP level 2. HP: 11/26 MP: 2/2
   198 | D:2      | You fall through a shaft!
   208 | D:3      | Reached skill level 1 in Fighting
   292 | D:3      | Noticed Natasha
   299 | D:3      | Noticed a crimson imp
   301 | D:3      | Reached XP level 3. HP: 24/33 MP: 3/3
   314 | D:3      | Killed from afar by Natasha

Vault maps used:
D:1:      dpeg_arrival_concentric_ovals
D:2:      minmay_statues_item
D:3:      kennysheep_big_flooded_room, first_bread, st_stairs_12, uniq_natasha

Skill      XL: |  1  2 |
---------------+-------+-----
Throwing       | 2 |  2.1
Fighting       | 1 |  1.1
Dodging        | |  1.7
Unarmed Combat | |  0.2
Spellcasting   | |  1.0
Hexes          | |  2.5

Action                   || total
-------------------------++-------
Melee: Unarmed           ||    60
       Punch             ||     1
  Eat: Chunk             ||     8
Armor: Robe              ||    17
Dodge: Dodged            ||    24
